 Dungeon Crawl Stone Soup version 0.26-a0-451-gacbe401039 (webtiles) character file.

Game seed: 3391976800146965351

270 JamesBald the Conjurer (level 6, -4/43 HPs)
             Began as a Human Conjurer on July 28, 2020.
             Was an Initiate of Wu Jian.
             Killed from afar by an orc wizard (9 damage)
             ... with a puff of flame
             ... on level 3 of the Dungeon.
             The game lasted 00:12:24 (3119 turns).

JamesBald the Conjurer (Human Conjurer)             Turns: 3119, Time: 00:12:26

Health: -4/43      AC:  6    Str:  9    XL:     6   Next: 46%
Magic:  5/10       EV: 13    Int: 18    God:    Wu Jian [......]
Gold:   193        SH:  0    Dex: 12    Spells: 8/11 levels left

rFire    . . .     SeeInvis .   d - +0 mace (holy)
rCold    . . .     Faith    .   (no shield)
rNeg     . . .     Spirit   .   v - +0 robe
rPois    .         Reflect  .   (no helmet)
rElec    .         Harm     .   (no cloak)
rCorr    +                      (no gloves)
MR       .....                  (no boots)
Stlth    ++........             (no amulet)
HPRegen  0.14/turn              i - ring of resist corrosion
MPRegen  0.12/turn              m - +4 ring of protection

@: no status effects
A: no striking features
a: Renounce Religion


You were on level 3 of the Dungeon.
You worshipped Wu Jian.
Wu Jian was noncommittal.
You visited 1 branch of the dungeon, and saw 3 of its levels.

You collected 193 gold pieces.

Inventory:

Hand Weapons
 d - a +0 mace of holy wrath (weapon)
 u - a +0 scythe
Missiles
 c - 2 boomerangs (quivered)
Armour
 a - a +0 robe
 v - a +0 robe (worn)
 y - a +0 buckler
Jewellery
 i - a ring of resist corrosion (left hand)
 m - a +4 ring of protection (right hand)
 s - a cursed ring of attention {unknown}
 x - an uncursed ring of wizardry {unknown}
Wands
 q - a wand of iceblast (10)
Scrolls
 f - 2 scrolls of blinking {unknown}
 g - 3 scrolls of teleportation {unknown}
 h - a scroll of amnesia {unknown}
 l - 3 scrolls of identify {unknown}
 n - 2 scrolls of magic mapping {unknown}
 o - 5 scrolls of remove curse {unknown}
 p - a scroll of noise {unknown}
Potions
 b - 3 potions of curing {unknown}
 e - a potion of degeneration {unknown}
 j - a potion of mutation {unknown}
 k - a potion of haste {unknown}
 r - a potion of invisibility {unknown}
 t - 2 potions of cancellation {unknown}
 w - 3 potions of berserk rage {unknown}
 z - a potion of lignification {unknown}


   Skills:
 + Level 1.4 Fighting
 + Level 1.2 Maces & Flails
 + Level 3.3 Dodging
 + Level 2.5 Stealth
 + Level 3.2 Spellcasting
 + Level 5.2 Conjurations
 + Level 0.5 Evocations


You had 8 spell levels left.
You knew the following spells:

 Your Spells              Type           Power        Failure   Level
a - Magic Dart            Conj           ###.         1%          1
b - Searing Ray           Conj           ###...       2%          2

Your spell library contained the following spells:

 Spells                   Type           Power        Failure   Level
 Conjure Flame            Conj/Fire      ##......     16%         3
 Dazzling Flash           Conj/Hex       ##....       16%         3
 Blink                    Tloc           N/A          24%         2
 Call Imp                 Summ           #.......     24%         2
 Slow                     Hex            #.......     24%         2
 Mephitic Cloud           Conj/Pois/Air  #.......     24%         3
 Fulminant Prism          Conj/Hex       ##........   47%         4
 Iskenderun's Mystic Bla  Conj/Tloc      ##......     47%         4


Dungeon Overview and Level Annotations

Branches:
Dungeon (3/15)

Altars:
Wu Jian


Message History

There is an open door here.
The orc wizard gestures wildly while chanting.
The orc wizard flickers and vanishes!
Deactivating autopickup; reactivate with Ctrl-A.
The phantom blinks!
The phantom hits you.
You barely miss the phantom.
The phantom is severely damaged.
A magic dart appears from out of thin air!
The magic dart hits you.
* * * LOW HITPOINT WARNING * * *
The phantom barely misses you.
You hit the phantom.
The phantom convulses.
The phantom is almost destroyed.
The phantom hits you.
* * * LOW HITPOINT WARNING * * *
You hear some strange, mumbled words.
A puff of flame appears from out of thin air!
The puff of flame hits you!
You die...

###### #....#
#....# ####....###
#####.........###
#@.{'.)..)..)...#
#W###.........#.#
#.# ###########
#####'### #.......#
+.......#
#######.......###..
...................
######.##..#######


You could see a phantom.

Vanquished Creatures
  Sigmund (D:2)
  3 adders
  An ooze (D:1)
  A worm (D:2)
  A dart slug (D:2)
  4 leopard geckos
  3 orcs (D:3)
  4 giant cockroaches
  7 goblins
  5 hobgoblins
  4 jackals
  7 bats
  6 frilled lizards
  6 kobolds
  4 rats
57 creatures vanquished.

Notes
Turn   | Place    | Note
-------+----------+-------------------------------------------
     0 | D:1      | JamesBald the Human Conjurer began the quest for the Orb.
     0 | D:1      | Reached XP level 1. HP: 13/13 MP: 3/3
   102 | D:1      | Reached XP level 2. HP: 19/19 MP: 0/5
   381 | D:1      | Reached XP level 3. HP: 24/24 MP: 0/6
   667 | D:1      | HP: 1/24 [jackal (1)]
  1264 | D:2      | Learned a level 2 spell: Searing Ray
  1320 | D:2      | Reached XP level 4. HP: 29/30 MP: 1/7
  1529 | D:2      | Found an ornate altar of the Wu Jian Council.
  1537 | D:2      | Became a worshipper of the Wu Jian Council
  2529 | D:2      | Noticed Sigmund
  2534 | D:2      | Killed Sigmund
  2534 | D:2      | Reached skill level 1 in Fighting
  2534 | D:2      | Reached skill level 1 in Maces & Flails
  2534 | D:2      | Reached skill level 5 in Conjurations
  2534 | D:2      | Reached XP level 5. HP: 37/37 MP: 7/9
  2534 | D:2      | Reached XP level 6. HP: 43/43 MP: 7/10
  3100 | D:3      | Noticed a phantom
  3119 | D:3      | Killed from afar by an orc wizard

Illustrated notes

Levels and vault maps discovered:
D:1:      minmay_arrival_semitransparent, layout_basic, serial_glass,
          glass_columns_c, glass_columns_a
D:2:      cheibrodos_old_hovel, layout_basic, lemuel_round_altar, st_stairs_14,
          uniq_sigmund
D:3:      layout_basic, nicolae_overflow_hidden_temple,
          chequers_ecumenical_altar_simple

Skill      XL: |  1  2  3  4 |
---------------+-------------+-----
Fighting       | 1 |  1.4
Maces & Flails | 1 |  1.2
Dodging        | 3 |  3.3
Spellcasting   | 3 |  3.2
Conjurations   | 5 |  5.2
Stealth        | |  2.5
Evocations     | |  0.5

Action                   |  1- 3 |  4- 6 || total
-------------------------+-------+-------++-------
Melee: Mace              |    28 |    18 ||    46
 Cast: Magic Dart        |    46 |       ||    46
       Searing Ray       |     3 |    30 ||    33
Evoke: Wand              |       |     3 ||     3
Armor: Robe              |    29 |    15 ||    44
Dodge: Dodged            |    63 |    17 ||    80

Table legend: (Time is in decaauts)
 A = Elapsed time spent in this place.
 B = Non-inter-level travel time spent in this place.
 C = Inter-level travel time spent in this place.
 D = Time resting spent in this place.
 E = Time spent auto-exploring this place.
 F = Levels seen in this place.
 G = Mean time per level.
                   A        B        C        D        E       F      G
               +--------+--------+--------+--------+--------+-----+--------+
         Total |   3134 |   3096 |     38 |   1028 |   1402 |   3 | 1044.7 |
       Dungeon |   3134 |   3096 |     38 |   1028 |   1402 |   3 | 1044.7 |
               +--------+--------+--------+--------+--------+-----+--------+

Top non-repeatable levels by time:
     D:2: 1677 daAuts
     D:1: 1148 daAuts
     D:3: 307 daAuts
